 Dungeon Crawl Stone Soup version 0.30-a0-414-gcb316572d5 (webtiles) character file.

Game seed: 1727549415856895159

131 pokeman the Magician (level 4, 0/25 HPs)
             Began as a Deep Elf Hedge Wizard on Dec 7, 2022.
             Slain by a hobgoblin (4 damage)
             ... led by Robin
             ... on level 3 of the Dungeon.
             The game lasted 00:03:45 (1904 turns).

pokeman the Magician (Deep Elf Hedge Wizard)        Turns: 1904, Time: 00:03:45

Health: 0/25       AC:  2    Str:  7    XL:     4   Next: 91%
Magic:  6/13       EV: 13    Int: 21    God:
Gold:   128        SH:  5    Dex: 14    Spells: 6/14 levels left

rFire   . . .      SeeInvis .    r - +0 club (spect)
rCold   . . .      Faith    .    (no shield)
rNeg    . . .      Spirit   .    b - +0 robe
rPois   .          Reflect  +    c - +0 hat
rElec   .          Harm     .    (no cloak)
rCorr   .          Rampage  .    (no gloves)
Will    .....                    (no boots)
Stlth   ++........               m - amulet of reflection
HPRegen 0.24/turn                (no ring)
MPRegen 0.13/turn                (no ring)

@: no status effects
A: no striking features
a: no special abilities


You were on level 3 of the Dungeon.
You visited 1 branch of the dungeon, and saw 3 of its levels.

You collected 128 gold pieces.

Inventory:

Hand Weapons
 r - a +0 spectral club (weapon)
Armour
 b - a +0 robe (worn)
 c - a +0 hat (worn)
 n - the +3 ring mail of Petexe {Int+3 Dex+4}
   (You found it on level 2 of the Dungeon)

   Int:       It affects your intelligence (+3).
   Dex:       It affects your dexterity (+4).
Magical Staves
 f - a staff of poison
 l - a staff of death
Jewellery
 m - an amulet of reflection (around neck)
Scrolls
 e - a scroll of teleportation {unknown}
 k - 2 scrolls of identify {unknown}
 q - 2 scrolls of immolation {unknown}
Potions
 d - a potion of magic
 g - 2 potions of curing {unknown}
 h - a potion of degeneration {unknown}
 i - a potion of mutation {unknown}
 j - 2 potions of brilliance {unknown}
 o - a potion of lignification {unknown}
 p - a potion of heal wounds {unknown}


   Skills:
 - Level 1.0 Fighting
 - Level 1.0 Armour
 + Level 2.9 Dodging
 - Level 3.0 Stealth
 * Level 5.9 Spellcasting
 + Level 2.4 Conjurations
 - Level 1.1 Summonings
 - Level 1.1 Translocations
 + Level 0.1 Evocations


You had 6 spell levels left.
You knew the following spells:

 Your Spells              Type           Power      Damage    Failure   Level
a - Magic Dart            Conj           64%        1d6       3%          1
b - Mephitic Cloud        Conj/Pois/Air  9%         N/A       22%         3
c - Call Imp              Summ           10%        N/A       10%         2
d - Blink                 Tloc           20%        N/A       10%         2

Your spell library contained the following spells:

 Spells                   Type           Power      Damage    Failure   Level
 Slow                     Hex            24%        N/A       10%         1
 Cigotuvi's Dreadful Rot  Necr/Pois/Air  12%        N/A       16%         2
 Animate Dead             Necr           6%         N/A       69%         4
 Borgnjor's Vile Clutch   Necr/Erth      3%         N/A       95%         5
 Death Channel            Necr           3%         N/A       100%        6


Dungeon Overview and Level Annotations

Branches:
Dungeon (3/15)

Altars:


Message History

Aiming: Magic Dart (safe; 3% risk of failure)
Press: ? - help, Shift-Dir - straight line, f - hobgoblin
Aim: a hobgoblin (100% to hit)
The magic dart hits the hobgoblin.
The hobgoblin is severely wounded.
The hobgoblin shouts!
The endoplasm quivers.
You hit the hobgoblin but do no damage.
The hobgoblin is severely wounded.
Your +0 spectral club closely misses the hobgoblin.
The hobgoblin barely misses you.
You hit the hobgoblin.
You kill the hobgoblin!
You hit the goblin.
The goblin is heavily wounded.
Your +0 spectral club hits the goblin.
You kill the goblin!
The endoplasm completely misses your +0 spectral club.
Unknown command.
You hit the hobgoblin but do no damage. The hobgoblin barely misses you.
The endoplasm freezes you.
You are frozen.
Unknown command.
You hit the endoplasm.
The endoplasm is heavily wounded.
You block the hobgoblin's attack. The endoplasm freezes you.
You are frozen.
The hobgoblin hits you.
Unknown command.
You barely miss the hobgoblin. The endoplasm freezes you.
You are frozen.
The hobgoblin hits you. The endoplasm barely misses you.
You closely miss the hobgoblin. The hobgoblin hits you.
The endoplasm freezes you.
You are frozen.
* * * LOW HITPOINT WARNING * * *
Unknown command.
The endoplasm attacks as you move away! The endoplasm closely misses you.
The hobgoblin attacks as you move away! The hobgoblin hits you.
You die...

#..... #....# #....#
#....######
#.#.......J..
#...)J################
#...#g# #........
#...#g# #.######. #)#
#@# #.#.####. #) #.#
#.#...... g
#.########.#.##### .
#.#......#........
#.#.####.###.#####
#.#.# #..........
#.#.########.#####
#.#.##......<#
#.#.##.####.##


You could see an endoplasm, a hobgoblin and a goblin.

Vanquished Creatures
  Jessica (D:2)
  An orc wizard (D:3)
  An adder (D:2)
  2 worms (D:2)
  A dart slug (D:2)
  4 orcs (D:3)
  3 bats
  2 endoplasms
  A giant cockroach (D:1)
  10 goblins
  5 hobgoblins
  A quokka (D:2)
  2 ball pythons
  6 frilled lizards
  2 kobolds (D:1)
  3 rats
45 creatures vanquished.

Vanquished Creatures (collateral kills)
  An adder (D:2)
  A worm (D:2)
  A quokka (D:2)
  A kobold (D:2)
4 creatures vanquished.

Vanquished Creatures (others)
  A plant (D:3)
1 creature vanquished.

Grand Total: 50 creatures vanquished

Notes
Turn   | Place    | Note
-------+----------+-------------------------------------------
     0 | D:1      | pokeman the Deep Elf Hedge Wizard began the quest for the
                  | Orb.
     0 | D:1      | Reached XP level 1. HP: 10/10 MP: 7/7
    35 | D:1      | Found a faded altar of an unknown god.
   357 | D:1      | Reached XP level 2. HP: 15/15 MP: 7/9
   901 | D:2      | Reached skill level 5 in Spellcasting
  1091 | D:2      | Identified the +3 ring mail of Petexe {Int+3 Dex+4}
  1210 | D:2      | Reached XP level 3. HP: 20/20 MP: 7/11
  1214 | D:2      | Learned a level 3 spell: Mephitic Cloud
  1217 | D:2      | Learned a level 2 spell: Call Imp
  1220 | D:2      | Learned a level 2 spell: Blink
  1254 | D:2      | Reached skill level 1 in Armour
  1276 | D:2      | Reached skill level 1 in Fighting
  1436 | D:2      | Noticed Jessica
  1440 | D:2      | Killed Jessica
  1441 | D:2      | Reached XP level 4. HP: 25/25 MP: 7/13
  1904 | D:3      | Slain by a hobgoblin

Illustrated notes

Levels and vault maps discovered:
D:1:      minmay_arrival_shattered_statue, layout_rooms,
          ebering_ecumenical_altar_petrified
D:2:      minmay_spotlight, layout_rooms, uniq_jessica
D:3:      layout_basic, led_sif_book, guppyfry_early_lair_pool, uniq_robin,
          uniq_ijyb

Skill      XL: |  1  2  3  4 |
---------------+-------------+-----
Spellcasting   | 5 |  5.9
Armour         | 1 |  1.0
Conjurations   | 2 |  2.4
Fighting       | 1 |  1.0
Stealth        | 3 |  3.0
Dodging        | |  2.9
Summonings     | |  1.1
Translocations | |  1.1
Evocations     | |  0.1

Action                   |  1- 3 |  4- 6 || total
-------------------------+-------+-------++-------
Melee: Dagger            |    11 |    13 ||    24
       Club              |       |     9 ||     9
 Cast: Magic Dart        |    66 |    26 ||    92
       Call Imp          |     2 |     1 ||     3
       Mephitic Cloud    |     1 |     1 ||     2
 Stab: Confused          |       |     1 ||     1
Armor: Robe              |       |     2 ||     2
Dodge: Dodged            |     3 |     7 ||    10
Block: Other             |     1 |     3 ||     4
       Reflection        |       |     1 ||     1

Table legend: (Time is in decaauts)
 A = Elapsed time spent in this place.
 B = Non-inter-level travel time spent in this place.
 C = Inter-level travel time spent in this place.
 D = Time resting spent in this place.
 E = Time spent auto-exploring this place.
 F = Levels seen in this place.
 G = Mean time per level.
                   A        B        C        D        E       F      G
               +--------+--------+--------+--------+--------+-----+--------+
         Total |   1905 |   1867 |     38 |    138 |   1409 |   3 |  635.0 |
       Dungeon |   1905 |   1867 |     38 |    138 |   1409 |   3 |  635.0 |
               +--------+--------+--------+--------+--------+-----+--------+

Top non-repeatable levels by time:
     D:2: 819 daAuts
     D:1: 814 daAuts
     D:3: 272 daAuts
